 Dungeon Crawl Stone Soup version 0.30-a0-534-gdc55766716 (webtiles) character file.

Game seed: 227142551050398649

219311 ryw the Spry (level 19, -5/155 HPs)
             Began as a Merfolk Summoner on Dec 24, 2022.
             Was an Initiate of Gozag.
             Slain by Mlioglotl (30 damage)
             ... on level 2 of the Spider Nest on Dec 25, 2022.
             The game lasted 02:37:39 (50334 turns).

ryw the Spry (Merfolk Summoner)                    Turns: 50334, Time: 02:37:40

Health: -5/155     AC: 14    Str:  8 (11) XL:     19   Next: 14%
Magic:  3/33       EV: 23    Int: 30 (33) God:    Gozag
Gold:   1187       SH:  8    Dex: 16 (20) Spells: 1/38 levels left

rFire   . . .      SeeInvis .    C - +6 short sword of the Vase {freeze, *Rage rElec Str+2 Int+2}
rCold   . . .      Faith    .    y - +3 buckler
rNeg    . . .      Spirit   .    P - +1 robe of Ysidis {Rampage rPois Will+ Dex+4}
rPois   +          Reflect  .    U - +4 helmet "Luther" {Will+ rCorr Int+5}
rElec   +          Harm     .    A - scarf {repulsion}
rCorr   +          Rampage  +    M - +2 pair of gloves {hurl}
Will    +++..      Rage     20%  a - +2 pair of boots {rampage}
Stlth   ++                       f - amulet of magic regeneration
HPRegen 0.45/turn                m - +6 ring of intelligence
MPRegen 0.63/turn                l - ring of wizardry

@: mighty, on berserk cooldown, slowed, studying Unarmed Combat, repel missiles,
very slow
A: (nimble swimmer 2), mertail
}: 1/15 runes: decaying
a: Renounce Religion, Potion Petition, Call Merchant, Bribe Branch


You were on level 2 of the Spider Nest.
You worshipped Gozag.
Gozag was most pleased with you.
You visited 6 branches of the dungeon, and saw 30 of its levels.
You also visited: Ossuary and Ice Cave.

You collected 11900 gold pieces.
You spent 3716 gold pieces at shops.
You paid 6997 gold pieces to Gozag.

Inventory:

Hand Weapons
 n - the +11 hammer of Frustration {pain, rN+ Dex+4}
   (You found it on level 3 of the Dungeon)

   In the hands of one skilled in necromantic magic, it inflicts extra damage on
   living creatures.
   Dex:       It affects your dexterity (+4).
   rN:        It protects you from negative energy.
 t - the +3 trident "Trog's Outrage" {flame, rN+}
   (You bought it in a shop on level 3 of the Dungeon)

   It burns those it strikes, dealing additional fire damage.
   rN:        It protects you from negative energy.
 C - the +6 short sword of the Vase (weapon) {freeze, *Rage rElec Str+2 Int+2}
   (You found it on level 6 of the Dungeon)

   It freezes those it strikes, dealing additional cold damage.
   It can also slow down cold-blooded creatures.
   Str:       It affects your strength (+2).
   Int:       It affects your intelligence (+2).
   rElec:     It insulates you from electricity.
   *Rage:     It berserks you when you make melee attacks (+20% chance).
 T - a +0 demon trident
Missiles
 S - 5 throwing nets
Armour
 a - a +2 pair of boots of rampaging (worn)
 y - a +3 buckler (worn)
 A - a scarf of repulsion (worn)
 M - a +2 pair of gloves of hurling (worn)
 P - the +1 robe of Ysidis (worn) {Rampage rPois Will+ Dex+4}
   (You bought it in a shop on level 1 of the Orcish Mines)

   Dex:       It affects your dexterity (+4).
   rPois:     It protects you from poison.
   Rampage:   It bestows one free step when moving towards enemies.
   Will:      It increases your willpower.
 U - the +4 helmet "Luther" (worn) {Will+ rCorr Int+5}
   (You bought it in a shop on level 1 of the Orcish Mines)

   Int:       It affects your intelligence (+5).
   rCorr:     It protects you from acid and corrosion.
   Will:      It increases your willpower.
Jewellery
 f - an amulet of magic regeneration (around neck)
 h - a ring of flight
 l - a ring of wizardry (right hand)
 m - a +6 ring of intelligence (left hand)
 G - a ring of resist corrosion
 V - an amulet of guardian spirit
Wands
 e - a wand of mindburst (17)
 r - a wand of light (5)
 E - a wand of roots (43)
 F - a wand of digging (8)
 H - a wand of charming (20)
 K - a wand of flame (60)
 O - a wand of polymorph (5)
Scrolls
 g - 5 scrolls of poison
 j - 2 scrolls of amnesia
 k - 3 scrolls of fear
 p - 3 scrolls of blinking
 s - 8 scrolls of teleportation
 B - 4 scrolls of magic mapping
 J - 18 scrolls of identify
 L - 2 scrolls of butterflies
 W - 5 scrolls of enchant weapon
Potions
 b - 4 potions of magic
 c - 7 potions of might
 d - 21 potions of curing
 i - 3 potions of heal wounds
 o - 7 potions of resistance
 q - 3 potions of berserk rage
 u - 4 potions of cancellation
 v - 4 potions of mutation
 w - 2 potions of invisibility
 x - 2 potions of lignification
 z - 6 potions of flight
 D - 3 potions of brilliance
 N - 2 potions of ambrosia
 Q - 4 potions of attraction
 R - 9 potions of haste
Miscellaneous
 X - a piece from Xom's chessboard (15/15)
 Y - a condenser vane


   Skills:
 - Level 15.0 Fighting
 - Level 2.0 Short Blades
 - Level 3.0 Maces & Flails
 - Level 3.0 Armour
 - Level 19.0 Dodging
 - Level 2.1 Stealth
 - Level 5.0 Shields
 - Level 10.3 Spellcasting
 - Level 5.0 Hexes
 + Level 15.4 Summonings
 - Level 2.1 Translocations
 * Level 14.9 Transmutations
 * Level 11.3 Air Magic


You had one spell level left.
You knew the following spells:

 Your Spells              Type           Power      Damage    Failure   Level
a - Monstrous Menagerie   Summ           41%        N/A       2%          7
b - Summon Mana Viper     Hex/Summ       67%        N/A       1%          5
c - Summon Lightning Spi  Summ/Air       77%        N/A       1%          4
d - Summon Guardian Gole  Hex/Summ       67%        N/A       1%          3
f - Storm Form            Tmut/Air       38%        N/A       6%          7
g - Manifold Assault      Tloc           28%        N/A       8%          4
h - Blink                 Tloc           56%        N/A       1%          2
z - Summon Forest         Summ/Tloc      30%        N/A       1%          5

Your spell library contained the following spells:

 Spells                   Type           Power      Damage    Failure   Level
 Beastly Appendage        Tmut           100%       N/A       0%          1
 Summon Small Mammal      Summ           100%       N/A       0%          1
 Foxfire                  Conj/Fire      60%        2x1d7     1%          1
 Freeze                   Ice            60%        1d7       1%          1
 Call Imp                 Summ           83%        N/A       0%          2
 Call Canine Familiar     Summ           83%        N/A       0%          3
 Cigotuvi's Dreadful Rot  Necr/Pois/Air  76%        N/A       1%          2
 Poisonous Vapours        Pois/Air       98%        N/A       1%          2
 Dazzling Flash           Conj/Hex       60%        N/A       1%          3
 Ignite Poison            Fire/Tmut/Pois 45%        N/A       1%          3
 Mephitic Cloud           Conj/Pois/Air  38%        N/A       1%          3
 Portal Projectile        Hex/Tloc       72%        N/A       1%          3
 Tukima's Dance           Hex            45%        N/A       1%          3
 Animate Armour           Summ/Erth      100%       N/A       1%          4
 Ice Form                 Ice/Tmut       57%        N/A       1%          4
 Summon Ice Beast         Ice/Summ       58%        N/A       1%          4
 Blade Hands              Tmut           40%        N/A       1%          5
 Yara's Violent Unravell  Hex/Tmut       33%        3d14      1%          5
 Gell's Gravitas          Tloc           28%        N/A       2%          3
 Lesser Beckoning         Tloc           56%        N/A       2%          3
 Teleport Other           Tloc           28%        N/A       2%          3
 Frozen Ramparts          Ice            30%        1d5       5%          3
 Hailstorm                Conj/Ice       15%        3d5       5%          3
 Leda's Liquefaction      Hex/Erth       15%        N/A       6%          4
 Iskenderun's Mystic Bla  Conj/Tloc      21%        2d6       12%         4
 Statue Form              Tmut/Erth      38%        N/A       12%         6
 Olgreb's Toxic Radiance  Pois           15%        N/A       17%         4
 Sticky Flame             Conj/Fire      15%        2d4       17%         4
 Fireball                 Conj/Fire      7%         3d5       43%         5
 Iskenderun's Battlesphe  Conj           15%        2d7       43%         5
 Lee's Rapid Deconstruct  Erth           7%         3d7*      43%         5
 Spellforged Servitor     Conj/Summ      29%        N/A       50%         7
 Iron Shot                Conj/Erth      7%         9d2       92%         6
 Starburst                Conj/Fire      7%         6d4       92%         6
 Ozocubu's Refrigeration  Ice            7%         4d9       100%        7
 Ignition                 Fire           7%         3d5       100%        8


Dungeon Overview and Level Annotations

Branches:
Dungeon (15/15)            Temple (1/1) D:4            Lair (5/5) D:9
  Swamp (4/4) Lair:2       Spider (3/4) Lair:3        Slime (0/5) Lair:4
    Orc (2/2) D:9             Elf (0/3) Orc:2        Vaults (0/5) D:14
 Depths (0/4) D:15        Ossuary (visited)           IceCv (visited)

Altars:
Ashenzari
Cheibriados
Dithmenos
Elyvilon
Fedhas
Gozag
Hepliaklqana
Kikubaaqudgha
Makhleb
Nemelex Xobeh
Okawaru
Qazlal
Ru
Sif Muna
Trog
Uskayaw
Vehumet
Wu Jian
Xom
Yredelemnul
Zin
The Shining One

Shops:
D:3 (   D:8 [   D:10 ?   Orc:1 [   Orc:2 [**:[   Lair:2 :   Lair:3 :   Lair:5 =
Swamp:3 =

Portals:
Pandemonium: Orc:2
Trove: D:11 (give +3 shadow dragon scales)

Annotations:
Spider:2 Mlioglotl
Orc:2 1 transporter, SirDiesAlot's ghost, journeyman DEFE


Innate Abilities, Weirdness & Mutations

((You are very nimble when in or above water. (Stealth+, EV+, Speed+++)))
Your lower body shifts to a powerful aquatic tail in water.


Message History

Mlioglotl is severely wounded.
Mlioglotl churns violently!
Mlioglotl corrupts the dungeon around him!
Mlioglotl barely misses you. Mlioglotl closely misses you.
Casting: Monstrous Menagerie (dangerous; 2% risk of failure)
Confirm with . or Enter, or press ? or * to list all spells.
You summon a lindwurm!
Space becomes stable.
Mlioglotl churns violently!
Mlioglotl corrupts the dungeon around him!
The white imp shouts!
Your lindwurm bites the large abomination.
Your lindwurm claws the large abomination!
Your lindwurm claws the large abomination.
The large abomination barely misses your lindwurm.
Mlioglotl hits you.
* * * LOW HITPOINT WARNING * * *
Mlioglotl tramples you!!
* * * LOW HITPOINT WARNING * * *
You hold your ground!
The large abomination barely misses your lindwurm.
You hear a bark!
You barely miss Mlioglotl.
Mlioglotl is severely wounded.
Your lindwurm bites the large abomination!
Your lindwurm barely misses the large abomination.
Your lindwurm claws the large abomination but does no damage.
Mlioglotl barely misses you. You block Mlioglotl's attack.
The large abomination hits your lindwurm!!!
The white imp is sucked into a shaft!
The shaft crumbles and collapses.
Your lindwurm bites the large abomination!
Your lindwurm claws the large abomination!
Your lindwurm claws the large abomination.
Your lindwurm bites the large abomination!
Your lindwurm claws the large abomination. x2
You hit Mlioglotl but do no damage.
Mlioglotl is severely wounded.
You block Mlioglotl's attack. Mlioglotl tramples you!!
You die...
Your body crumbles into a pile of gold.

#########................##
#^...^# #...........^.....##
##.....###....#..............
#.......###................##
#..>...^##.................##
#.......##..#..X#..........##
##.....^##.h..k...........###
##..#.####.X#X°...........##.
##.####....##@k...........###.
#.######.#######..#.....##.##.
###......## ##.##.######.##
#.......# ##..### #.#.#
#.......# ####....# #..#.
#(.....### ##[......# #..##
#.....##.###........# #....
#....#..#.#.........# #...#
#...#^.###..........# ##...#


You could see Mlioglotl (strong, ally target), 2 large abominations, a raiju
(summoned) and 2 friendly lindwurms.

Vanquished Creatures
  A ghost moth (Spider:1)
  An eleionoma (Swamp:1)
  A bunyip (Swamp:4)
  2 entropy weavers
  Fannar (D:10)
  A demonspawn (Orc:2)
  A merfolk avatar (Lair:5)
  6 hydras
  2 two-headed ogres
  A radroach (Spider:2)
  2 boulder beetles (D:14)
  An alligator (Swamp:3)
  A tengu warrior (D:15)
  The ghost of GilGalad the Nimble, a novice DjFE of Makhleb (D:9)
  2 orc high priests (Orc:2)
  A pharaoh ant (Spider:3)
  A skeletal warrior (D:15)
  A sea snake (Lair:5)
  A steelbarb worm (Spider:1)
  A wizard (D:14)
  2 spriggan druids
  A bog body (Swamp:1)
  3 harpies (Lair:5)
  An orc sorcerer (Orc:2)
  2 wolf spiders (Spider:1)
  2 orc knights (Orc:2)
  2 ugly things
  A black mamba (Lair:4)
  2 elephants
  2 rime drakes
  A cane toad (Lair:3)
  Maggie (D:9)
  A komodo dragon (Lair:3)
  A hellwing (Orc:2)
  2 trolls
  A tarantella (Spider:2)
  A hornet (Swamp:1)
  A blink frog (Lair:5)
  2 slime creatures
  A dream sheep (Lair:1)
  5 culicivoras
  2 jumping spiders (Spider:1)
  A wraith (D:12)
  A shadow (D:10)
  2 wyverns
  4 yaks
  A human (D:14)
  A steam dragon (Lair:5)
  4 redbacks
  3 vampire mosquitoes
  A warg (D:9)
  6 water moccasins
  A swamp drake (Swamp:4)
  10 orc warriors
  3 ogres
  3 centaurs (D:13)
  A phantom (D:5)
  3 bullfrogs
  A scorpion (D:5)
  2 wights (D:7)
  An electric eel (D:12)
  3 howler monkeys
  A hound (D:5)
  6 orc priests (Orc:2)
  2 iguanas (D:5)
  An orc wizard (Orc:2)
  A wolf simulacrum (IceCv)
  A mummy (Ossuary)
  2 gnolls
  An adder zombie (D:2)
  A worm (D:3)
  A dart slug (D:4)
  18 orcs
  A ball python (D:1)
  3 endoplasms
  A giant cockroach (D:4)
  A goblin (D:3)
  A hobgoblin (D:2)
  2 quokkas
  A rat (D:3)
  2 rat skeletons (Ossuary)
165 creatures vanquished.

Vanquished Creatures (collateral kills)
  the Lernaean hydra (Swamp:4)
  Nikola (Spider:3)
  Donald (Swamp:2)
  A thorn hunter (Swamp:3)
  Roxanne (Swamp:2)
  The ghost of cforsyth the Fighter, a journeyman DrTm of Ru (D:13)
  Louise (Swamp:3)
  2 emperor scorpions (Spider:1)
  3 ghost moths
  Aizul (Swamp:3)
  A broodmother (Spider:3)
  A stone giant (D:15)
  Nessos (Orc:2)
  A dire elephant (Lair:5)
  4 eleionomae
  3 bunyips
  A spark wasp (Spider:2)
  3 entropy weavers (Spider:1)
  19 hydras
  An ogre mage (D:15)
  4 centaur warriors
  2 demonspawn (Orc:2)
  Erica (Lair:2)
  A radroach (Spider:2)
  3 alligators
  4 boulder beetles
  6 death yaks
  7 two-headed ogres
  5 orc high priests (Orc:2)
  6 pharaoh ants
  4 goliath frogs
  2 sea snakes
  9 skeletal warriors (D:15)
  4 spriggan druids
  5 orb spiders
  2 steelbarb worms
  A flayed ghost (D:13)
  10 swamp dragons
  A wizard (D:14)
  A bog body (Swamp:1)
  4 orc knights
  5 deep elf pyromancers
  A lindwurm (Lair:4)
  8 ugly things
  3 oklob plants
  4 orc sorcerers (Orc:2)
  3 moths of wrath
  13 wolf spiders
  2 will-o-the-wisps
  5 cyclopes
  9 black mambas
  4 manticores
  Maurice (D:9)
  4 elephants
  A rust devil (Orc:2)
  3 torpor snails
  9 demonic crawlers
  3 cane toads
  An unseen horror (D:11)
  5 rime drakes (Lair:5)
  A freezing wraith (D:13)
  An efreet (D:15)
  5 komodo dragons
  A tengu conjurer (D:15)
  A red devil (Orc:2)
  3 meliai (Spider:2)
  9 tyrant leeches
  A bloated husk (Swamp:3)
  4 trolls
  6 hornets
  A blink frog (Lair:5)
  14 tarantellas
  3 dream sheep (Lair:1)
  8 slime creatures
  2 snapping turtles (Lair:5)
  16 jumping spiders
  4 spriggans
  16 culicivoras
  32 yaks
  2 vampires
  4 wyverns
  2 wraiths
  3 basilisks
  2 steam dragons (D:8)
  9 vampire mosquitoes
  A ynoxinul (Orc:2)
  16 humans (D:14)
  A death yak simulacrum (IceCv)
  26 redbacks
  A chaos spawn (Orc:2)
  3 wargs
  14 swamp worms
  2 acid dragons
  4 nameless horrors
  30 orc warriors
  8 water moccasins
  7 swamp drakes
  A black bear (D:6)
  5 ogres
  4 centaurs
  11 wolves
  A kobold brigand (D:7)
  5 bullfrogs
  A necrophage (D:5)
  7 wights
  The ghost of mandarbmax the Cutter, a weakling AtGl (D:3)
  9 killer bees
  5 howler monkeys
  2 hounds (D:5)
  2 jellies (D:6)
  27 orc priests
  2 gnoll boudas
  2 iguanas
  Terence (D:3)
  Jessica (D:3)
  21 orc wizards
  A boggart simulacrum (D:14)
  11 mummies (Ossuary)
  A hound skeleton (D:2)
  12 adders
  10 gnolls
  A white imp (D:8)
  A worm (D:2)
  4 dart slugs
  61 orcs
  4 bats
  A bat zombie (D:2)
  12 endoplasms
  A giant cockroach (D:2)
  6 goblins
  7 hobgoblins
  2 jackals (D:2)
  A quokka (D:5)
  7 ball pythons
  2 frilled lizards
  A giant cockroach zombie (D:2)
  3 gnoll skeletons (Ossuary)
  A jackal skeleton (D:2)
  14 kobolds
  5 kobold skeletons (Ossuary)
  7 rats
  9 rat skeletons (Ossuary)
  A bush (Lair:3)
  A plant (Lair:4)
772 creatures vanquished.

Vanquished Creatures (others)
  2 vault guards (D:14)
  4 death yaks
  Pikel (D:5)
  An ugly thing (IceCv)
  An orc sorcerer (Orc:2)
  An elephant (Lair:1)
  An anaconda simulacrum (IceCv)
  2 slime creatures (D:14)
  A basilisk (Lair:2)
  2 humans (D:14)
  7 yaks
  A death yak simulacrum (IceCv)
  A redback (Spider:3)
  An orc warrior (D:10)
  2 black bears
  2 ogres (D:5)
  2 wolves (Lair:3)
  A gnoll sergeant (D:5)
  5 wights (D:7)
  3 killer bees
  Crazy Yiuf (D:3)
  An orc wizard (D:9)
  2 gnolls (D:5)
  An orc (Orc:2)
  22 bushes (Lair:3)
  2 foxfires (Swamp:1)
  36 fungi
  89 plants
  7 snaplasher vines
  2 starspawn tentacles (Spider:3)
  A withered plant (D:2)
205 creatures vanquished.

Grand Total: 1142 creatures vanquished

Notes
Turn   | Place    | Note
-------+----------+-------------------------------------------
     0 | D:1      | ryw the Merfolk Summoner began the quest for the Orb.
     0 | D:1      | Reached XP level 1. HP: 13/13 MP: 3/3
   176 | D:1      | Reached XP level 2. HP: 20/20 MP: 1/5
   179 | D:1      | Learned a level 2 spell: Call Imp
   356 | D:1      | Reached skill level 3 in Dodging
   694 | D:1      | Reached skill level 1 in Fighting
   883 | D:1      | Reached XP level 3. HP: 23/26 MP: 1/6
   887 | D:1      | Learned a level 3 spell: Call Canine Familiar
  1613 | D:2      | Reached XP level 4. HP: 22/32 MP: 0/7
  2383 | D:2      | Reached skill level 1 in Short Blades
  2383 | D:2      | Reached XP level 5. HP: 38/38 MP: 1/9
  2393 | D:2      | Reached skill level 5 in Summonings
  2680 | D:2      | Learned a level 3 spell: Summon Guardian Golem
  2689 | D:3      | Found a faded altar of an unknown god.
  2753 | D:3      | Found a shimmering altar of Xom.
  2753 | D:3      | Found a shimmering altar of Xom.
  2753 | D:3      | Found a shimmering altar of Xom.
  2753 | D:3      | Noticed Terence
  2759 | D:3      | Killed Terence
  2809 | D:3      | Found a shimmering altar of Xom.
  2932 | D:3      | Noticed Jessica
  2951 | D:3      | Killed Jessica
  2952 | D:3      | Reached skill level 4 in Dodging
  3132 | D:3      | Found an ancient bone altar of Kikubaaqudgha.
  3132 | D:3      | Found a shadowy altar of Dithmenos.
  3140 | D:3      | Found a bloodstained altar of Trog.
  3142 | D:3      | Found a faded altar of an unknown god.
  3144 | D:3      | Found a sacrificial altar of Ru.
  3208 | D:3      | Found a white marble altar of Elyvilon.
  3403 | D:3      | Found a runed translucent gate.
  3404 | D:3      | Found a runed translucent gate.
  3405 | D:3      | Found a runed translucent gate.
  3405 | D:3      | Noticed mandarbmax's ghost (weakling AtGl)
  3446 | D:3      | Found a runed translucent door.
  3447 | D:3      | Noticed Crazy Yiuf
  3489 | D:3      | Found a broken altar of Ashenzari.
  3573 | D:3      | Killed Crazy Yiuf
  3574 | D:3      | Reached XP level 6. HP: 44/44 MP: 3/10
  3843 | D:3      | Identified the +11 hammer of Frustration {pain, rN+ Dex+4}
  4052 | D:3      | Found Neikiaty's Antique Weapon Shoppe.
  4329 | D:3      | Killed mandarbmax's ghost
  4330 | D:3      | Reached skill level 1 in Hexes
  4585 | D:4      | Found a sand-covered staircase.
  4590 | Ossuary  | Entered an ossuary
  5068 | Ossuary  | Reached XP level 7. HP: 51/51 MP: 7/11
  5231 | Ossuary  | Reached skill level 1 in Maces & Flails
  5523 | D:4      | Found a staircase to the Ecumenical Temple.
  5529 | Temple   | Entered the Ecumenical Temple
  5648 | Temple   | Became a worshipper of Gozag Ym Sagoz the Greedy
  6241 | D:5      | Entered Level 5 of the Dungeon
  6506 | D:5      | Reached skill level 5 in Dodging
  6618 | D:4      | Reached XP level 8. HP: 56/58 MP: 7/13
  6789 | D:5      | Found a sparkling altar of Nemelex Xobeh.
  7062 | D:4      | Learned a level 4 spell: Summon Lightning Spire
  7448 | D:5      | Noticed Pikel
  7461 | D:5      | Killed Pikel
  7462 | D:5      | Reached skill level 1 in Shields
  7462 | D:5      | Reached skill level 1 in Air Magic
  8044 | D:5      | Reached XP level 9. HP: 63/66 MP: 13/15
  8182 | D:5      | Reached skill level 6 in Dodging
  8569 | D:6      | Identified the +6 short sword of the Vase {freeze, *Rage
                  | rElec Str+2 Int+2}
  9193 | D:6      | Found a stormy altar of Qazlal.
  9193 | D:6      | Found an ornate altar of the Wu Jian Council.
 10078 | D:7      | Reached skill level 5 in Fighting
 10629 | D:7      | Found a radiant altar of Vehumet.
 11036 | D:8      | Found a snail-covered altar of Cheibriados.
 11196 | D:8      | Reached skill level 7 in Dodging
 11196 | D:8      | Reached skill level 5 in Spellcasting
 11196 | D:8      | Reached XP level 10. HP: 74/74 MP: 9/17
 12503 | D:9      | Noticed a centaur warrior
 12505 | D:9      | Noticed a deep elf pyromancer
 12521 | D:9      | Noticed Maggie
 12543 | D:9      | Killed Maggie
 12549 | D:9      | Noticed a two-headed ogre
 12879 | D:8      | Reached skill level 5 in Hexes
 12999 | D:8      | Killed a two-headed ogre
 13000 | D:8      | Reached skill level 8 in Dodging
 13365 | D:9      | Reached XP level 11. HP: 82/82 MP: 11/19
 13551 | D:8      | Bought a pair of runed boots for 225 gold pieces
 13551 | D:8      | Bought a pair of runed gloves for 225 gold pieces
 13756 | D:9      | Noticed a two-headed ogre
 13765 | D:9      | Killed a two-headed ogre
 13858 | D:9      | Found a blossoming altar of Fedhas.
 13945 | D:9      | Noticed Maurice
 13957 | D:9      | Killed Maurice
 13958 | D:9      | Reached skill level 1 in Armour
 14056 | D:9      | Found a staircase to the Lair.
 14151 | D:9      | Noticed GilGalad's ghost (novice DjFE)
 14153 | D:9      | Found a transporter.
 14166 | D:9      | Found a transporter.
 14400 | D:9      | Found a staircase to the Orcish Mines.
 14498 | Lair:1   | Entered Level 1 of the Lair of Beasts
 14498 | Lair:1   | Found a frozen archway.
 14506 | IceCv    | Entered an ice cave
 14506 | IceCv    | Noticed a white ugly thing
 14516 | IceCv    | Reached skill level 5 in Shields
 14516 | IceCv    | Found a transporter.
 14516 | IceCv    | Killed a white ugly thing
 14520 | IceCv    | Noticed a white ugly thing
 14635 | IceCv    | Found a transporter.
 14682 | IceCv    | Killed a white ugly thing
 14683 | IceCv    | Reached skill level 9 in Dodging
 15112 | Lair:1   | Reached skill level 10 in Summonings
 15519 | Lair:1   | Reached skill level 5 in Air Magic
 15519 | Lair:1   | Reached XP level 12. HP: 92/92 MP: 17/22
 15708 | Lair:1   | Reached skill level 10 in Dodging
 16271 | Lair:2   | Found a staircase to the Swamp.
 16442 | Lair:2   | Noticed a death yak
 16445 | Lair:2   | Noticed a death yak
 16448 | Lair:2   | Noticed a death yak
 16467 | Lair:2   | Noticed a death yak
 17290 | Lair:2   | Noticed Erica
 17317 | Lair:2   | Killed Erica
 17830 | Lair:2   | Killed a death yak
 17831 | Lair:2   | Reached skill level 11 in Dodging
 17835 | Lair:2   | Killed a death yak
 17861 | Lair:2   | Killed a death yak
 17900 | Lair:2   | Killed a death yak
 18183 | Lair:3   | Noticed a boulder beetle
 18563 | D:3      | Bought a smoking trident for 238 gold pieces
 18563 | D:3      | Identified the +3 trident "Trog's Outrage" {flame, rN+}
                  | (You bought it in a shop on level 3 of the Dungeon)
 18950 | Lair:3   | Found a hole to the Spider Nest.
 19495 | Lair:3   | Killed a boulder beetle
 19496 | Lair:3   | Reached skill level 12 in Dodging
 19621 | Lair:3   | Reached skill level 10 in Fighting
 19786 | Lair:3   | Reached XP level 13. HP: 103/103 MP: 15/25
 20753 | Lair:3   | Reached skill level 13 in Dodging
 21963 | Lair:4   | Found a staircase to the Slime Pits.
 22324 | Lair:4   | Reached skill level 10 in Spellcasting
 22505 | Lair:4   | Reached skill level 14 in Dodging
 22956 | Lair:5   | Entered Level 5 of the Lair of Beasts
 23143 | Lair:5   | Identified the +2 chain mail of Yesterday {rPois}
 23413 | Lair:5   | Reached XP level 14. HP: 113/116 MP: 8/28
 23428 | Lair:5   | Reached skill level 15 in Dodging
 23880 | Lair:5   | Noticed a dire elephant
 24015 | Lair:5   | Killed a dire elephant
 25514 | Orc:1    | Entered Level 1 of the Orcish Mines
 25584 | Orc:1    | Reached skill level 16 in Dodging
 26195 | Orc:2    | Entered Level 2 of the Orcish Mines
 26482 | Orc:2    | Noticed SirDiesAlot's ghost (journeyman DEFE)
 26483 | Orc:2    | Found a transporter.
 26506 | Orc:2    | Found a staircase to the Elven Halls.
 26616 | Orc:2    | Found Josehen's Armour Shoppe.
 26865 | Orc:2    | Found Doryesocs's General Store.
 26865 | Orc:2    | Found Tij Tuph's General Store.
 27702 | Orc:2    | Noticed Nessos
 27722 | Orc:2    | Killed Nessos
 27989 | Orc:2    | Reached skill level 17 in Dodging
 29015 | Orc:2    | Reached XP level 15. HP: 127/127 MP: 9/29
 29205 | Orc:2    | Reached skill level 15 in Fighting
 29207 | Orc:2    | Found Abotrura's Antique Armour Boutique.
 29207 | Orc:2    | Found Xaes's Book Shop.
 29209 | Orc:2    | Found a one-way gate leading to the halls of Pandemonium.
 29210 | Orc:2    | Reached skill level 18 in Dodging
 29422 | Lair:2   | Bought Ilaunkus's Commentary on Collective Shapes for 690
                  | gold pieces
 29430 | Lair:2   | Learned a level 7 spell: Storm Form
 29656 | Orc:1    | Bought a masterwork helmet for 313 gold pieces
 29656 | Orc:1    | Identified the +4 helmet "Luther" {Will+ rCorr Int+5} (You
                  | bought it in a shop on level 1 of the Orcish Mines)
 29667 | Orc:1    | Bought a dull robe for 188 gold pieces
 29667 | Orc:1    | Identified the +1 robe of Ysidis {Rampage rPois Will+
                  | Dex+4} (You bought it in a shop on level 1 of the Orcish
                  | Mines)
 29727 | D:10     | Entered Level 10 of the Dungeon
 29887 | D:10     | Noticed Fannar
 29911 | D:10     | Killed Fannar
 29912 | D:10     | Reached skill level 1 in Transmutations
 30705 | D:10     | Found Haysk's Magic Scroll Shop.
 30711 | D:10     | Bought a scroll of blinking for 120 gold pieces
 30711 | D:10     | Bought a scroll of enchant armour for 120 gold pieces
 31546 | D:11     | Found a portal to a secret trove of treasure.
 33390 | D:13     | Found a runed translucent gate.
 33400 | D:13     | Found a runed translucent gate.
 33401 | D:13     | Found a runed translucent gate.
 33402 | D:13     | Noticed cforsyth's ghost (journeyman DrTm)
 33949 | Lair:5   | Bought an amulet of magic regeneration for 420 gold pieces
 34728 | D:13     | Reached skill level 5 in Transmutations
 35504 | D:10     | Bought a scroll of enchant armour for 120 gold pieces
 35644 | D:14     | Learned a level 5 spell: Summon Mana Viper
 35652 | D:14     | Learned a level 7 spell: Monstrous Menagerie
 36055 | D:14     | Found a glowing silver altar of Zin.
 36156 | D:14     | Reached skill level 19 in Dodging
 36488 | D:14     | Found a gate to the Vaults.
 37031 | D:15     | Entered Level 15 of the Dungeon
 37173 | D:15     | Reached XP level 16. HP: 136/136 MP: 6/30
 37398 | Orc:1    | Bought a jewelled chain mail for 313 gold pieces
 37398 | Orc:1    | Identified the +6 chain mail "Kezecu Ovouf" {Str+6} (You
                  | bought it in a shop on level 1 of the Orcish Mines)
 37400 | Orc:1    | Reached XP level 17. HP: 142/142 MP: 31/31
 37474 | D:9      | Killed GilGalad's ghost
 37935 | D:15     | Identified the +3 tower shield of the Eternal Void {MP+9}
 37971 | D:15     | Found a staircase to the Depths.
 38908 | Swamp:1  | Entered Level 1 of the Swamp
 39228 | Swamp:1  | You fall into a shaft and drop 1 floor!
 39303 | Swamp:2  | Noticed Roxanne
 39354 | Swamp:2  | Killed Roxanne
 40381 | Swamp:2  | Noticed Donald
 40385 | Swamp:2  | Killed Donald
 40541 | Swamp:2  | Identified the +6 hand axe "Haosch" {vorpal, Will+}
 40738 | Swamp:3  | Noticed Aizul
 40993 | Swamp:3  | Killed Aizul
 41117 | Swamp:3  | Reached skill level 10 in Transmutations
 41420 | Swamp:3  | Noticed Louise
 41443 | Swamp:3  | Killed Louise
 41830 | Swamp:4  | Entered Level 4 of the Swamp
 42102 | Swamp:4  | Reached XP level 18. HP: 149/149 MP: 15/32
 42319 | Swamp:4  | Noticed the 27-headed Lernaean hydra
 42743 | Swamp:4  | Killed the 27-headed Lernaean hydra
 43293 | Swamp:4  | Got a decaying rune of Zot
 43383 | Spider:1 | Entered Level 1 of the Spider Nest
 43390 | Spider:1 | Reached skill level 15 in Summonings
 43609 | Lair:3   | Identified a scroll of acquirement
 43609 | Lair:3   | Acquired 1267 gold pieces
 43615 | Lair:3   | Bought the Volume of Coordinates and Interference for 360
                  | gold pieces
 43622 | Lair:3   | Learned a level 4 spell: Manifold Assault
 43814 | Lair:3   | Bought Sif Muna's Omnibus of the Tesseract and Bedrock for
                  | 384 gold pieces
 43817 | Lair:3   | Learned a level 2 spell: Blink
 43824 | Lair:3   | Learned a level 5 spell: Summon Forest
 44035 | Spider:1 | Reached skill level 1 in Translocations
 44161 | Spider:1 | Reached skill level 10 in Air Magic
 45051 | D:13     | Killed cforsyth's ghost
 48391 | Spider:3 | Reached XP level 19. HP: 59/155 MP: 14/33
 49248 | Spider:3 | Noticed Nikola
 49262 | Spider:3 | Killed Nikola
 49973 | Spider:3 | Noticed Mlioglotl
 50334 | Spider:2 | Slain by Mlioglotl

Illustrated notes

Levels and vault maps discovered:
D:1:      lemuel_arrival_lava_pool, layout_basic
D:2:      layout_rooms, serial_undead, serial_undead_a, serial_undead_a,
          serial_undead_d, serial_undead_e, minmay_vboxes
D:3:      layout_loops_ring, xom_redecorated,
          chequers_temple_overflow_minitemple, elyvilon_altar_1,
          mainiacjoe_overflow_paths, gammafunk_ghost_split, serial_shops,
          nicolae_square_shop, ebering_ecumenical_altar_webs,
          kennysheep_cross_room, minivault_27, uniq_jessica, uniq_terence,
          uniq_crazy_yiuf_cottage
D:4:      layout_loops_ring, minmay_temple_entry_hall, enter_ossuary_2
D:5:      layout_loops_ring, mainiacjoe_overflow_small_starburst,
          hangedman_decor_diamond_cutter, kennysheep_minor_cross,
          kennysheep_opposing_triangles, uniq_pikel
D:6:      layout_cave_pools, gammafunk_temple_overflow_wave
D:7:      layout_loops_ring, fiery_altar_vehumet
D:8:      layout_layer_cave, mainiacjoe_overflow_tiny_flanked
D:9:      layout_cave_pools, fedhas_altar_4, david_lair_shrubbed, david_orc_4,
          gammafunk_ghost_arena, uniq_maurice, uniq_maggie
D:10:     layout_layer_cave, serial_shops, nicolae_shop_hallway_plus,
          uniq_fannar
D:11:     layout_loops_ring, enter_trove_3
D:12:     layout_gridville, lightli_minifort
D:13:     layout_stronghold, gammafunk_ghost_split
D:14:     layout_roguey, grunt_vaults_entry_tiered, serial_park_square1
          [serial_park_minivault_5x5_4]
D:15:     grunt_enter_depths_giant_problem, layout_irregular_city,
          gauntlet_entry_generic, fountainhead
Temple:   nicolae_temple_figure_zero
Lair:1:   layout_cellular_growth, portal_ice_cave_entry_pillars_1,
          serial_rivers, chequers_serial_rivers_small_a,
          chequers_serial_rivers_small_a, chequers_serial_rivers_micro_c,
          chequers_serial_rivers_room_b, chequers_serial_rivers_micro_d,
          chequers_serial_rivers_large_b, serial_bayou_shore_b
Lair:2:   layout_regular_city, swamp_mist, uniq_erica
Lair:3:   layout_layer_cave, nicolae_spider_entry_tight_spaces,
          minmay_hedge_maze
Lair:4:   cheibrodos_lair_river_kwai, layout_layer_cave,
          dpeg_slime_entry_enclosed
Lair:5:   gammafunk_lair_ancient_temple, layout_cave_pods
Swamp:1:  layout_basic_swamp, serial_swamp_ruin, evilmike_swamp_ruin_house_3,
          evilmike_swamp_ruin_house_5, swamp_pool1
Swamp:2:  layout_basic_swamp, evilmike_swamp_ruin_rubble_1,
          nicolae_swamp_orc_logging_accident, uniq_donald, uniq_roxanne
Swamp:3:  layout_basic_swamp, nicolae_swamp_some_circles,
          infiniplex_staircase_pool_2, uniq_aizul, uniq_louise
Swamp:4:  swamp, layout_basic_swamp, swamp_pool4
Spider:1: spider_temple_joshua, nicolae_spider_jagged_tunnels
Spider:2: layout_chambers
Spider:3: layout_cave_pods, uniq_nikola, uniq_mlioglotl
Orc:1:    layout_caves
Orc:2:    pf_orc_diabolical, layout_caves, gammafunk_ghost_smash, serial_shops,
          nicolae_shop_behind_doors, minmay_orc_temple_c, uniq_nessos

Skill      XL: |  1  2  3  4  5  6  7  8  9 10 11 12 13 14 15 16 17 18 |
---------------+-------------------------------------------------------+-----
Dodging        | 3 4 5 7 8 9 12 14 17 19 | 19.0
Fighting       | 1 2 3 4 5 6 7 10 12 14 15 | 15.0
Short Blades   | 1 2 |  2.0
Summonings     | 5 6 7 8 9 10 12 13 14 15 | 15.4
Spellcasting   | 3 4 5 6 8 10 | 10.3
Hexes          | 1 2 3 4 5 |  5.0
Maces & Flails | 1 2 3 |  3.0
Shields        | 1 3 4 5 |  5.0
Air Magic      | 1 2 3 5 6 9 11 | 11.3
Armour         | 2 3 |  3.0
Transmutations | 5 11 14 | 14.9
Translocations | 2 |  2.1
Stealth        | |  2.1

Action                   |  1- 3 |  4- 6 |  7- 9 | 10-12 | 13-15 | 16-18 | 19-21 || total
-------------------------+-------+-------+-------+-------+-------+-------+-------++-------
Melee: Short sword       |    13 |     4 |       |    17 |   425 |   241 |    58 ||   758
       Mace              |       |     9 |    46 |    98 |       |       |       ||   153
       Punch             |       |       |       |     1 |       |       |       ||     1
       Tailslap          |       |       |       |     4 |    13 |    10 |       ||    27
 Cast: Summon Small Mamm |    43 |    18 |     5 |     4 |    12 |       |       ||    82
       Call Imp          |    16 |    15 |    17 |    47 |   107 |       |       ||   202
       Call Canine Famil |     3 |    34 |    48 |    66 |   146 |    55 |       ||   352
       Summon Guardian G |       |     3 |    15 |    16 |    40 |     3 |       ||    77
       Summon Lightning  |       |       |    21 |    91 |   186 |    96 |     1 ||   395
       Summon Mana Viper |       |       |       |       |    21 |   119 |    12 ||   152
       Monstrous Menager |       |       |       |       |     1 |   134 |    26 ||   161
       Summon Forest     |       |       |       |       |       |    27 |     9 ||    36
       Storm Form        |       |       |       |       |       |     2 |       ||     2
Invok: Call Merchant     |       |       |       |     2 |     2 |     2 |       ||     6
  Use: Scroll            |     3 |     5 |    14 |     8 |    11 |     3 |     2 ||    46
       Potion            |       |       |       |     1 |     2 |     1 |     3 ||     7
 Stab: Sleeping          |       |     1 |       |       |     1 |       |       ||     2
       Distracted        |       |       |     2 |     8 |    10 |    16 |       ||    36
       Paralysed         |       |       |       |       |       |     2 |       ||     2
       Confused          |       |       |       |       |       |     1 |       ||     1
Armor: Robe              |     4 |     7 |     9 |     5 |    45 |    82 |    32 ||   184
       Steam dragon scal |       |       |       |    16 |    45 |       |       ||    61
Dodge: Dodged            |    27 |    22 |    58 |   143 |   507 |   398 |    58 ||  1213
       Repelled          |       |       |       |     1 |     8 |     9 |       ||    18
Block: Buckler           |       |       |       |    44 |   213 |   157 |    15 ||   429

Table legend: (Time is in decaauts)
 A = Elapsed time spent in this place.
 B = Non-inter-level travel time spent in this place.
 C = Inter-level travel time spent in this place.
 D = Time resting spent in this place.
 E = Time spent auto-exploring this place.
 F = Levels seen in this place.
 G = Mean time per level.
                   A        B        C        D        E       F      G
               +--------+--------+--------+--------+--------+-----+--------+
         Total |  50663 |  46085 |   4578 |   9367 |  26300 |  32 | 1583.2 |
       Dungeon |  23910 |  21113 |   2797 |   4147 |  12657 |  15 | 1594.0 |
        Temple |    132 |    120 |     12 |      0 |    109 |   1 |  132.0 |
          Lair |  11170 |   9770 |   1400 |   1770 |   5765 |   5 | 2234.0 |
         Swamp |   4181 |   4065 |    116 |   1070 |   1903 |   4 | 1045.2 |
   Spider Nest |   6417 |   6268 |    149 |   1596 |   3363 |   3 | 2139.0 |
  Orcish Mines |   3973 |   3872 |    101 |    783 |   1992 |   2 | 1986.5 |
       Ossuary |    700 |    700 |      0 |      0 |    401 |   1 |  700.0 |
      Ice Cave |    177 |    177 |      0 |      0 |    109 |   1 |  177.0 |
               +--------+--------+--------+--------+--------+-----+--------+

Top non-repeatable levels by time:
   Orc:2: 3186 daAuts
  Lair:3: 2642 daAuts
     D:9: 2410 daAuts
  Lair:1: 2261 daAuts
Spider:1: 2234 daAuts
Spider:3: 2174 daAuts
  Lair:5: 2165 daAuts
  Lair:2: 2149 daAuts
     D:8: 2123 daAuts
Spider:2: 2009 daAuts
     D:3: 1980 daAuts
  Lair:4: 1951 daAuts
     D:5: 1884 daAuts
    D:13: 1871 daAuts
    D:14: 1609 daAuts
